 Dungeon Crawl Stone Soup version 0.30-a0-1014-g3371b13838 (webtiles) character file.

Game seed: 2396580166090549904

503 Malachi the Vexing (level 7, -8/52 HPs)
             Began as a Gnoll Hexslinger on Apr 6, 2023.
             Was a Believer of Lugonu.
             Mangled by Duvessa
             ... wielding a +0 short sword
              (13 damage)
             ... on level 5 of the Dungeon.
             The game lasted 00:05:20 (5040 turns).

Malachi the Vexing (Gnoll Hexslinger)               Turns: 5040, Time: 00:05:20

Health: -8/52      AC:  3    Str:  8 (10) XL:     7   Next: 17%
Magic:  12/12      EV: 14    Int:  9 (10) God:    Lugonu [**....]
Gold:   172        SH:  0    Dex: 13 (14) Spells: 12/13 levels left

rFire   . . .      SeeInvis .    k - +5 mace of Guilt {freeze, rN+ rCorr Int-2}
rCold   . . .      Faith    .    (no shield)
rNeg    + + .      Spirit   .    c - +0 robe
rPois   .          Reflect  .    (no helmet)
rElec   .          Rampage  .    (no cloak)
rCorr   +                        f - +0 pair of gloves
Will    .....                    (no boots)
Stlth   ++                       (no amulet)
HPRegen 0.28/turn                d - ring of positive energy
MPRegen 0.13/turn                i - ring of resist corrosion

@: no status effects
A: fangs 1, strong nose, distributed training
a: Renounce Religion, Depart the Abyss, Banish


You were on level 5 of the Dungeon.
You worshipped Lugonu.
Lugonu was pleased with you.
You visited 1 branch of the dungeon, and saw 5 of its levels.

You collected 172 gold pieces.

Inventory:

Hand Weapons
 a - a +1 sling
 j - a +1 dagger of freezing
 k - the +5 mace of Guilt (weapon) {freeze, rN+ rCorr Int-2}
   (You found it on level 2 of the Dungeon)

   Int:       It affects your intelligence (-2).
   rN:        It protects you from negative energy.
   rCorr:     It protects you from acid and corrosion.
Armour
 c - a +0 robe (worn)
 f - a +0 pair of gloves (worn)
Jewellery
 d - a ring of positive energy (left hand)
 i - a ring of resist corrosion (right hand)
 r - a ring of protection from cold
 v - an amulet of regeneration
Wands
 u - a wand of iceblast (11)
Scrolls
 b - a scroll of poison
 g - a scroll of fog {unknown}
 h - 2 scrolls of identify {unknown}
 m - 2 scrolls of fear {unknown}
 o - 2 scrolls of summoning {unknown}
 s - a scroll of blinking {unknown}
 w - 3 scrolls of noise {unknown}
Potions
 e - 3 potions of degeneration
 l - a potion of attraction {unknown}
 n - a potion of flight {unknown}
 p - a potion of lignification {unknown}
 q - a potion of heal wounds {unknown}
 t - 3 potions of curing {unknown}


   Skills:
 + Level 3.5 Fighting
 + Level 2.4 Short Blades
 + Level 2.4 Long Blades
 + Level 2.4 Axes
 + Level 2.4 Maces & Flails
 + Level 2.4 Polearms
 + Level 2.4 Staves
 + Level 5.2 Ranged Weapons
 + Level 2.4 Throwing
 + Level 2.4 Armour
 + Level 5.2 Dodging
 + Level 2.4 Stealth
 + Level 2.4 Shields
 + Level 2.4 Unarmed Combat
 + Level 3.7 Spellcasting
 + Level 2.0 Conjurations
 + Level 5.8 Hexes
 + Level 2.0 Summonings
 + Level 2.0 Necromancy
 + Level 2.0 Translocations
 + Level 2.0 Transmutations
 + Level 2.0 Fire Magic
 + Level 2.0 Ice Magic
 + Level 2.0 Air Magic
 + Level 2.0 Earth Magic
 + Level 2.0 Poison Magic
 + Level 2.6 Invocations
 + Level 2.4 Evocations


You had 12 spell levels left.
You knew the following spells:

 Your Spells              Type           Power      Damage    Failure   Level
a - Slow                  Hex            48%        N/A       2%          1

Your spell library contained the following spells:

 Spells                   Type           Power      Damage    Failure   Level
 Inner Flame              Hex/Fire       8%         N/A       17%         3
 Portal Projectile        Hex/Tloc       16%        N/A       17%         3
 Cause Fear               Hex            6%         N/A       26%         4
 Summon Forest            Summ/Tloc      2%         N/A       98%         5
 Eringya's Noxious Bog    Tmut/Pois      2%         N/A       100%        6
 Summon Hydra             Summ           2%         N/A       100%        7


Dungeon Overview and Level Annotations

Branches:
Dungeon (5/15)
 Temple: D:4-7

Altars:
Fedhas
Makhleb
Trog
Lugonu

Shops:
D:3 *

Annotations:
D:5 Dowan, Duvessa


Innate Abilities, Weirdness & Mutations

You have very sharp teeth.
Your uncanny sense of smell can sniff out nearby items.
Your experience applies equally to all skills.


Message History

Aiming: Iceblast
Press: ? - help, Shift-Dir - straight line, f - Dowan
Aim: Dowan, wielding a +0 dagger and wearing a +0 robe The mass of ice explodes!
The iceblast engulfs Dowan!
Dowan is moderately wounded.
Unknown command.
Unknown command.
You barely miss Dowan.
Dowan is moderately wounded.
Dowan points at you and mumbles some strange words.
The puff of frost misses you. Dowan hits you with a +0 dagger.
You sock Dowan! You freeze Dowan.
Dowan is severely wounded.
Dowan casts a spell at you. The puff of frost hits you!
You closely miss Dowan.
Dowan is severely wounded.
Dowan closely misses you.
You closely miss Dowan.
Dowan is severely wounded.
Duvessa drinks a potion.
Duvessa seems to grow stronger.
Dowan points at Duvessa and mumbles some strange words.
Duvessa seems to speed up.
You closely miss Dowan.
Dowan is severely wounded.
You hit Duvessa but do no damage. Your punch misses Duvessa.
Duvessa hits you with a +0 short sword! x2
Dowan mumbles some strange words.
Dowan blinks!
Unknown command.
Duvessa attacks as you move away! Duvessa closely misses you.
Duvessa hits you with a +0 short sword!
* * * LOW HITPOINT WARNING * * *
Okay, then.
Okay, then.
It was a potion of degeneration.
There was something very wrong with that liquid.
You feel weakened.
You feel dopey.
You feel clumsy. Duvessa hits you with a +0 short sword!
You die...

#>..))###..#
<.......#..#
..#####....###########.
...........##..........
..######....#.#########
...............# .
.#.##########..### .#
.#.# #....##.##### .#.#
#.#.@........
#.#.#e#.###. #.#.#.# #
#.#.#.# ..#.#.# ###.#.#
# #.#.. ..#..#### #.#..
_......<. #.# ...######


You could see Duvessa (fast, strong).

Vanquished Creatures
  An ogre (D:5)
  A centaur (D:5)
  A scorpion (D:4)
  2 orc priests
  An iguana (D:4)
  2 gnolls
  5 adders
  An ufetubus (D:5)
  20 orcs
  7 endoplasms
  A giant cockroach (D:1)
  9 goblins
  6 hobgoblins
  8 jackals
  9 quokkas
  9 ball pythons
  2 bats (D:1)
  6 kobolds
  3 rats
94 creatures vanquished.

Notes
Turn   | Place    | Note
-------+----------+-------------------------------------------
     0 | D:1      | Malachi the Gnoll Hexslinger began the quest for the Orb.
     0 | D:1      | Reached XP level 1. HP: 17/17 MP: 4/4
   155 | D:1      | Reached XP level 2. HP: 15/23 MP: 0/5
   567 | D:1      | Found a faded altar of an unknown god.
   577 | D:1      | Reached XP level 3. HP: 28/28 MP: 7/7
   588 | D:1      | Prayed at the altar of an unknown god.
   588 | D:1      | Became a worshipper of Lugonu the Unformed
   588 | D:1      | Reached * piety under Lugonu
   858 | D:2      | Reached skill level 1 in Invocations
   903 | D:2      | Reached skill level 1 in Short Blades
   903 | D:2      | Reached skill level 1 in Long Blades
   903 | D:2      | Reached skill level 1 in Axes
   903 | D:2      | Reached skill level 1 in Maces & Flails
   903 | D:2      | Reached skill level 1 in Polearms
   903 | D:2      | Reached skill level 1 in Staves
   903 | D:2      | Reached skill level 1 in Throwing
   903 | D:2      | Reached skill level 1 in Armour
   903 | D:2      | Reached skill level 1 in Stealth
   903 | D:2      | Reached skill level 1 in Shields
   903 | D:2      | Reached skill level 1 in Unarmed Combat
   903 | D:2      | Reached skill level 1 in Evocations
   903 | D:2      | Reached XP level 4. HP: 22/34 MP: 8/8
  1139 | D:2      | Identified the +5 mace of Guilt {freeze, rN+ rCorr Int-2}
  1266 | D:2      | Reached skill level 1 in Conjurations
  1266 | D:2      | Reached skill level 1 in Summonings
  1266 | D:2      | Reached skill level 1 in Necromancy
  1266 | D:2      | Reached skill level 1 in Translocations
  1266 | D:2      | Reached skill level 1 in Transmutations
  1266 | D:2      | Reached skill level 1 in Fire Magic
  1266 | D:2      | Reached skill level 1 in Ice Magic
  1266 | D:2      | Reached skill level 1 in Air Magic
  1266 | D:2      | Reached skill level 1 in Earth Magic
  1266 | D:2      | Reached skill level 1 in Poison Magic
  1681 | D:3      | Found a blossoming altar of Fedhas.
  1867 | D:3      | Found Xooh's General Store.
  1976 | D:3      | Found a burning altar of Makhleb.
  2430 | D:3      | Reached XP level 5. HP: 40/40 MP: 9/9
  2521 | D:3      | Reached ** piety under Lugonu
  3137 | D:4      | Reached XP level 6. HP: 17/47 MP: 9/11
  3443 | D:4      | Reached skill level 5 in Ranged Weapons
  3443 | D:4      | Reached skill level 5 in Dodging
  4149 | D:5      | Entered Level 5 of the Dungeon
  4149 | D:5      | Found a bloodstained altar of Trog.
  4177 | D:5      | Reached XP level 7. HP: 21/52 MP: 12/12
  5030 | D:5      | Noticed Dowan
  5030 | D:5      | Noticed Duvessa
  5040 | D:5      | Mangled by Duvessa

Illustrated notes

Levels and vault maps discovered:
D:1:      onia_arrival_pyramid, layout_loops_ring, ebering_ecumenical_altar_box
D:2:      layout_basic, nicolae_elevator_lobby_plus
D:3:      layout_basic, lemuel_tele_altar, lemuel_round_altar, serial_shops,
          shop, minmay_parallelograms
D:4:      layout_loops_ring
D:5:      layout_basic, nicolae_overflow_crystal_walls, general_overflow_altar,
          uniq_duvessa

Skill      XL: |  1  2  3  4  5  6  7 |
---------------+----------------------+-----
Invocations    | 1 2 |  2.6
Short Blades   | 1 2 |  2.4
Long Blades    | 1 2 |  2.4
Axes           | 1 2 |  2.4
Maces & Flails | 1 2 |  2.4
Polearms       | 1 2 |  2.4
Staves         | 1 2 |  2.4
Throwing       | 1 2 |  2.4
Armour         | 1 2 |  2.4
Stealth        | 1 2 |  2.4
Shields        | 1 2 |  2.4
Unarmed Combat | 1 2 |  2.4
Spellcasting   | 3 |  3.7
Evocations     | 1 2 |  2.4
Conjurations   | 1 2 |  2.0
Summonings     | 1 2 |  2.0
Necromancy     | 1 2 |  2.0
Translocations | 1 2 |  2.0
Transmutations | 1 2 |  2.0
Fire Magic     | 1 2 |  2.0
Ice Magic      | 1 2 |  2.0
Air Magic      | 1 2 |  2.0
Earth Magic    | 1 2 |  2.0
Poison Magic   | 1 2 |  2.0
Fighting       | 3 |  3.5
Ranged Weapons | 5 |  5.2
Dodging        | 5 |  5.2
Hexes          | |  5.8

Action                     |  1- 3 |  4- 6 |  7- 9 || total
---------------------------+-------+-------+-------++-------
  Melee: Mace              |       |    21 |    51 ||    72
         Bite              |       |     4 |       ||     4
   Fire: Sling             |   110 |   158 |    10 ||   278
   Cast: Slow              |     6 |       |       ||     6
  Evoke: Wand              |       |       |     1 ||     1
    Use: Potion            |     1 |       |     1 ||     2
   Stab: Sleeping          |       |     1 |       ||     1
 Armour: Robe              |     2 |    15 |    17 ||    34
  Dodge: Dodged            |    30 |    76 |    56 ||   162

Table legend: (Time is in decaauts)
 A = Elapsed time spent in this place.
 B = Non-inter-level travel time spent in this place.
 C = Inter-level travel time spent in this place.
 D = Time resting spent in this place.
 E = Time spent auto-exploring this place.
 F = Levels seen in this place.
 G = Mean time per level.
                   A        B        C        D        E       F      G
               +--------+--------+--------+--------+--------+-----+--------+
         Total |   5086 |   4922 |    164 |   1530 |   2704 |   5 | 1017.2 |
       Dungeon |   5086 |   4922 |    164 |   1530 |   2704 |   5 | 1017.2 |
               +--------+--------+--------+--------+--------+-----+--------+

Top non-repeatable levels by time:
     D:3: 1399 daAuts
     D:4: 1360 daAuts
     D:1: 803 daAuts
     D:2: 798 daAuts
     D:5: 724 daAuts
